 Dungeon Crawl Stone Soup version 0.27-a0-887-gcab673c142 (webtiles) character file.

Game seed: 14527585225405304401

492 sizableburger the Ducker (level 6, -2/25 HPs)
             Began as a Felid Fire Elementalist on Apr 4, 2021.
             Slain by an iguana (9 damage)
             ... on level 6 of the Dungeon.
             The game lasted 00:15:36 (5790 turns).

sizableburger the Ducker (Felid Fire Elementalist)  Turns: 5790, Time: 00:15:37

Health: -2/25      AC:  2    Str:  4    XL:     6   Next: 91%
Magic:  11/19      EV: 20    Int: 19    God:
Gold:   365        SH:  0    Dex: 16    Spells: 1/9 levels left
                                        Lives:  0   Deaths: 1

rFire    . . .     SeeInvis +   (weapon unavailable)
rCold    . . .     Faith    .   (shield unavailable)
rNeg     . . .     Spirit   .   (armour unavailable)
rPois    .         Reflect  .   (helmet unavailable)
rElec    .         Harm     .   (cloak unavailable)
rCorr    .         Rampage  .   (gloves unavailable)
Will     .....                  (boots unavailable)
Stlth    +++.......             (no amulet)
HPRegen  0.08/turn              n - ring of magical power
MPRegen  0.16/turn              (no ring)

@: very slightly contaminated, quick
A: very small, claws 1, fangs 3, see invisible, speed 1, shaggy fur 2, stealthy
paws, no weapons or thrown items, no armour, multi-lived
a: no special abilities


You were on level 6 of the Dungeon.
You visited 1 branch of the dungeon, and saw 6 of its levels.

You collected 365 gold pieces.

Inventory:

Jewellery
 n - a ring of magical power (left paw)
Wands
 d - a wand of iceblast (13)
Scrolls
 a - a scroll of vulnerability
Potions
 f - a potion of curing
 h - a potion of magic
 i - 2 potions of mutation
 j - 3 potions of attraction
 k - 3 potions of might
 l - a potion of resistance
 m - 2 potions of flight


   Skills:
 + Level 0.8 Fighting
 - Level 6.5 Dodging
 - Level 2.6 Stealth
 - Level 2.0 Spellcasting
 + Level 4.2 Conjurations
 + Level 5.0 Fire Magic
 + Level 0.9 Evocations


You had one spell level left.
You knew the following spells:

 Your Spells              Type           Power      Damage    Failure   Level
a - Foxfire               Conj/Fire      76%        2x1d7     2%          1
b - Conjure Flame         Conj/Fire      19%        6-21      8%          3
c - Sticky Flame          Conj/Fire      19%        2d4       26%         4

Your spell library contained the following spells:

 Spells                   Type           Power      Damage    Failure   Level
 Inner Flame              Hex/Fire       11%        N/A       19%         3
 Fireball                 Conj/Fire      9%         3d6       56%         5


Dungeon Overview and Level Annotations

Branches:
Dungeon (6/15)
 Temple: D:4-7

Altars:
Nemelex Xobeh
Okawaru
Qazlal
Wu Jian


Innate Abilities, Weirdness & Mutations

You have sharp claws.
You have razor-sharp teeth.
You have supernaturally acute eyesight. (SInv)
You cover ground quickly. (Speed+)
You are covered in thick fur. (AC +2)
Your stealthy paws help you sneak and pounce on unaware monsters.
You are incapable of wielding weapons or throwing items.
You cannot wear armour.
You gain extra lives every three experience levels.


Message History

The centaur shoots an arrow.
The arrow misses you.
An orc wizard comes into view. It is wielding a +0 dagger.
The orc shouts!
The centaur shoots an arrow.
The arrow hits you!
The centaur shoots an arrow.
The arrow hits you.
The centaur shoots an arrow.
The arrow hits you.
* * * LOW HITPOINT WARNING * * *
You hear a shout!
You feel much better.
The centaur shoots an arrow.
The arrow closely misses you.
Found a stormy altar of Qazlal.
Okay, then.
Sorry, you're not good enough to have a special ability.
An iguana comes into view.
The centaur shoots an arrow.
The arrow closely misses you.
The iguana hisses angrily.
The centaur shoots an arrow.
The arrow hits you.
Okay, then.
The iguana bites you.
An iguana is nearby!
Casting: Foxfire (safe; 2% risk of failure)
Confirm with . or Enter, or press ? or * to list all spells.
The spell is potentially lethal to cast (26% risk of failure)!
Continue anyway?
Aiming: Sticky Flame (potentially lethal; 26% risk of failure)
Press: ? - help, Shift-Dir - straight line, f - iguana
Aim: an iguana (0% to evade)
You miscast Sticky Flame.
You are very lightly contaminated with residual magic.
There is a sudden and violent explosion of flames!
* * * LOW HITPOINT WARNING * * *
The iguana misses you.
Casting: Sticky Flame (potentially lethal; 26% risk of failure)
Confirm with . or Enter, or press ? or * to list all spells.
The spell is potentially lethal to cast (26% risk of failure)!
Continue anyway?
Aiming: Sticky Flame (potentially lethal; 26% risk of failure)
Press: ? - help, Shift-Dir - straight line, f/p - iguana
Aim: an iguana (0% to evade)
The sticky flame hits the iguana.
The iguana is moderately wounded.
The iguana is covered in liquid flames!
The iguana burns!
The iguana bites you!
You die...

#########
#.......#
#####...co..#
#.....####..#
#.###.# #..# #@#
..# #..#
#l#l...###..#
....._.....o#
..###....#.#c# #..
##...#.#.# #..
#.###.#.# #..####.
..#.# ###
#.......#####c#
#.#
........#.c.######


You could see an iguana (burning).

Vanquished Creatures
  An ice beast (D:6)
  A necrophage (D:6)
  A bullfrog (D:6)
  A scorpion (D:5)
  4 hounds
  A jelly (D:5)
  An orc priest (D:4)
  A bullfrog skeleton (D:5)
  Jessica (D:2)
  An orc wizard (D:3)
  An iguana (D:5)
  A hound skeleton (D:5)
  4 adders
  3 worms
  A dart slug (D:2)
  9 orcs
  6 ball pythons
  A giant cockroach (D:4)
  3 goblins
  13 hobgoblins
  11 jackals
  6 kobolds
  5 quokkas
  3 bats
  2 frilled lizards (D:2)
82 creatures vanquished.

Vanquished Creatures (others)
  399 foxfires
399 creatures vanquished.

Grand Total: 481 creatures vanquished

Notes
Turn   | Place    | Note
-------+----------+-------------------------------------------
     0 | D:1      | sizableburger the Felid Fire Elementalist began the quest
                  | for the Orb.
     0 | D:1      | Reached XP level 1. HP: 7/7 MP: 4/4
   173 | D:1      | Reached skill level 1 in Conjurations
   335 | D:1      | Reached skill level 3 in Dodging
   421 | D:1      | Reached XP level 2. HP: 11/11 MP: 1/6
  1767 | D:2      | Reached XP level 3. HP: 14/14 MP: 5/7
  2110 | D:2      | Noticed Jessica
  2124 | D:2      | Killed Jessica
  2303 | D:3      | Found a faded altar of an unknown god.
  2349 | D:3      | Reached skill level 4 in Dodging
  2349 | D:3      | Reached XP level 4. HP: 18/18 MP: 3/8
  2957 | D:3      | Reached XP level 5. HP: 21/21 MP: 1/9
  3128 | D:3      | Found an iron altar of Okawaru.
  3555 | D:4      | Learned a level 3 spell: Conjure Flame
  3573 | D:4      | Learned a level 4 spell: Sticky Flame
  3910 | D:4      | Reached skill level 5 in Dodging
  4145 | D:4      | Found a sparkling altar of Nemelex Xobeh.
  4537 | D:4      | Gained mutation: You are covered in thick fur. (AC +2)
                  | [Felid growth]
  4537 | D:4      | Reached XP level 6. HP: 15/24 MP: 4/10
  4766 | D:5      | Entered Level 5 of the Dungeon
  4979 | D:5      | Found an ornate altar of the Wu Jian Council.
  5289 | D:5      | Reached skill level 6 in Dodging
  5569 | D:6      | Noticed an ice beast
  5570 | D:6      | HP: 1/24 [centaur/arrow (14)]
  5574 | D:6      | Shot with an arrow by a centaur
  5575 | D:6      | Reached XP level 5. HP: -5/21 MP: 16/18
  5598 | D:6      | Noticed a necrophage
  5599 | D:6      | Reached XP level 6. HP: 24/24 MP: 10/10
  5722 | D:6      | Killed an ice beast
  5723 | D:6      | Reached skill level 5 in Fire Magic
  5772 | D:6      | Found a stormy altar of Qazlal.
  5790 | D:6      | Slain by an iguana

Illustrated notes

Levels and vault maps discovered:
D:1:      dpeg_arrival_central, layout_basic, minmay_misc_feat_tiny
D:2:      layout_loops_ring, grunt_ministairs_11, uniq_jessica
D:3:      layout_rooms, old_standard_altar, basic_ecumenical_altar, st_stairs_1
D:4:      layout_loops_ring, lemuel_crystal_altar
D:5:      layout_basic, lemuel_coloured_pillars_altar, st_stairs_6
D:6:      layout_rooms, nicolae_overflow_crystal_walls, grunt_tough_drop

Skill      XL: |  1  2  3  4  5  6 |
---------------+-------------------+-----
Conjurations   | 1 2 3 4 |  4.2
Dodging        | 3 4 5 6 |  6.5
Fire Magic     | 3 4 5 |  5.0
Fighting       | |  0.8
Stealth        | |  2.6
Spellcasting   | |  2.0
Evocations     | |  0.9

Action                   |  1- 3 |  4- 6 || total
-------------------------+-------+-------++-------
Melee: Unarmed           |     2 |    10 ||    12
       Bite              |       |     3 ||     3
 Cast: Foxfire           |    79 |   158 ||   237
       Sticky Flame      |       |     1 ||     1
  Use: Scroll            |       |    14 ||    14
       Potion            |       |     1 ||     1
Armor: Skin              |     1 |       ||     1
Dodge: Dodged            |    10 |    37 ||    47

Table legend: (Time is in decaauts)
 A = Elapsed time spent in this place.
 B = Non-inter-level travel time spent in this place.
 C = Inter-level travel time spent in this place.
 D = Time resting spent in this place.
 E = Time spent auto-exploring this place.
 F = Levels seen in this place.
 G = Mean time per level.
                   A        B        C        D        E       F      G
               +--------+--------+--------+--------+--------+-----+--------+
         Total |   5194 |   4957 |    237 |   1842 |   2250 |   6 |  865.7 |
       Dungeon |   5194 |   4957 |    237 |   1842 |   2250 |   6 |  865.7 |
               +--------+--------+--------+--------+--------+-----+--------+

Top non-repeatable levels by time:
     D:3: 1120 daAuts
     D:4: 1109 daAuts
     D:2: 1046 daAuts
     D:1: 995 daAuts
     D:5: 675 daAuts
     D:6: 246 daAuts
